 Dungeon Crawl Stone Soup version 0.29-a0-1065-g47a6bb8 (webtiles) character file.

Game seed: 2813338854130177052

98 XZede the Purveyor of Pain (level 4, -1/35 HPs)
             Began as a Hill Orc Necromancer on Aug 18, 2022.
             Was an Initiate of Kikubaaqudgha.
             Slain by a centaur (3 damage)
             ... on level 6 of the Dungeon.
             The game lasted 00:31:29 (2983 turns).

XZede the Purveyor of Pain (Hill Orc Necromancer)   Turns: 2983, Time: 00:31:30

Health: -1/35      AC:  3    Str: 10    XL:     4   Next: 69%
Magic:  1/6        EV: 10    Int: 17    God:    Kikubaaqudgha [......]
Gold:   173        SH:  6    Dex: 11    Spells: 2/6 levels left

rFire   . . .      SeeInvis .   c - +0 hand axe
rCold   . . .      Faith    .   k - +0 kite shield
rNeg    . . .      Spirit   .   a - +0 robe
rPois   .          Reflect  .   (no helmet)
rElec   .          Harm     .   (no cloak)
rCorr   .          Rampage  .   (no gloves)
Will    .....                   h - +0 pair of boots
Stlth   ++........              (no amulet)
HPRegen 0.11/turn               (no ring)
MPRegen 0.10/turn               (no ring)

@: no status effects
A: no striking features
a: Renounce Religion


You were on level 6 of the Dungeon.
You worshipped Kikubaaqudgha.
Kikubaaqudgha was noncommittal.
You visited 1 branch of the dungeon, and saw 4 of its levels.

You collected 173 gold pieces.

Inventory:

Hand Weapons
 c - a +0 hand axe (weapon)
Armour
 a - a +0 robe (worn)
 h - a +0 pair of boots (worn)
 k - a +0 kite shield (worn)
Scrolls
 f - 2 scrolls of identify {unknown}
 i - a scroll of teleportation {unknown}
 j - a scroll of vulnerability {unknown}
 m - a scroll of magic mapping {unknown}
 o - a scroll of enchant armour {unknown}
Potions
 b - a potion of magic
 d - 4 potions of brilliance {unknown}
 e - a potion of curing {unknown}
 g - a potion of heal wounds {unknown}
 l - a potion of ambrosia {unknown}
 n - a potion of berserk rage {unknown}
 p - a potion of mutation {unknown}


   Skills:
 + Level 1.3 Fighting
 + Level 0.0 Axes
 + Level 2.4 Dodging
 - Level 2.1 Stealth
 + Level 1.9 Spellcasting
 * Level 4.7 Necromancy


You had 2 spell levels left.
You knew the following spells:

 Your Spells              Type           Power      Damage    Failure   Level
a - Necrotise             Necr           68%        1d7       10%         1
b - Vampiric Draining     Necr           17%        2d7       30%         3

Your spell library contained the following spells:

 Spells                   Type           Power      Damage    Failure   Level
 Blink                    Tloc           2%         N/A       73%         2
 Ensorcelled Hibernation  Hex/Ice        2%         N/A       73%         2
 Passwall                 Tmut/Erth      0%         N/A       73%         2
 Static Discharge         Conj/Air       1%         3-4/arc   73%         2
 Animate Dead             Necr           17%        N/A       69%         4
 Dispel Undead            Necr           17%        3d10      69%         4
 Swiftness                Air            1%         N/A       91%         3
 Agony                    Necr           17%        N/A       95%         5
 Sticky Flame             Conj/Fire      1%         2d3       100%        4
 Manifold Assault         Tloc           1%         N/A       100%        5
 Summon Forest            Summ/Tloc      0%         N/A       100%        5
 Summon Mana Viper        Hex/Summ       1%         N/A       100%        5
 Summon Cactus Giant      Summ           0%         N/A       100%        6
 Storm Form               Tmut/Air       0%         N/A       100%        7


Dungeon Overview and Level Annotations

Branches:
Dungeon (3/15)

Altars:
Kikubaaqudgha


Message History

Confirm with . or Enter, or press ? or * to list all spells.
Aiming: Necrotise (safe; 10% risk of failure)
Press: ? - help, Shift-Dir - straight line, f/p - centaur
Aim: a centaur, wielding a +0 vorpal shortbow (severely wounded, chance to affect: 75%)
The centaur writhes in agony.
The centaur shoots an arrow.
The arrow barely misses you.
The centaur shoots an arrow.
The arrow hits you.
Casting: Necrotise (safe; 10% risk of failure)
Confirm with . or Enter, or press ? or * to list all spells.
Aiming: Necrotise (safe; 10% risk of failure)
Press: ? - help, Shift-Dir - straight line, p - centaur Nothing appears to happen.
The centaur shoots an arrow.
You block the arrow.
You start resting.
A centaur is nearby!
You barely miss the centaur.
The centaur is almost dead.
The centaur unwields a +0 vorpal shortbow.
The centaur hits you. The centaur barely misses you. The centaur hits you.
* * * LOW HITPOINT WARNING * * *
The centaur barely misses you.
You barely miss the centaur.
The centaur is almost dead.
You block the centaur's attack. x2; The centaur hits you.
* * * LOW HITPOINT WARNING * * *
The centaur closely misses you.
You hit the centaur but do no damage.
The centaur is almost dead.
The centaur hits you.
* * * LOW HITPOINT WARNING * * *
You block the centaur's attack. The centaur barely misses you.
You block the centaur's attack.
You hit the centaur.
The centaur is almost dead.
The centaur hits you but does no damage.
The centaur barely misses you.
The centaur hits you but does no damage.
You block the centaur's attack. The centaur hits you.
* * * LOW HITPOINT WARNING * * *
The centaur kicks you.
You die...
Kikubaaqudgha rasps: "You have failed me!
Welcome... death!"

###########
..........#
#♣+♣♣♣'♣.# ###
♣.....♣.# ....
♣.###.♣.#
..c..#♣.....♣.#
......'.._..+.#
♣c....♣##
♣@###.♣ ♣.....♣
♣+♣♣♣+♣


You could see a centaur.

Vanquished Creatures
  3 adders (D:2)
  A dart slug (D:2)
  4 orcs (D:3)
  2 ball pythons (D:2)
  5 endoplasms
  3 giant cockroaches
  7 goblins
  5 hobgoblins
  4 quokkas
  8 bats
  3 frilled lizards
  6 kobolds
  7 rats
58 creatures vanquished.

Vanquished Creatures (collateral kills)
  An orc (D:3)
  An endoplasm (D:1)
2 creatures vanquished.

Grand Total: 60 creatures vanquished

Notes
Turn   | Place    | Note
-------+----------+-------------------------------------------
     0 | D:1      | XZede the Hill Orc Necromancer began the quest for the Orb.
     0 | D:1      | Reached XP level 1. HP: 14/14 MP: 3/3
   313 | D:1      | Reached XP level 2. HP: 20/20 MP: 1/4
  1036 | D:1      | Reached XP level 3. HP: 27/27 MP: 2/5
  1370 | D:2      | Learned a level 3 spell: Vampiric Draining
  1755 | D:2      | Reached skill level 1 in Fighting
  2071 | D:2      | Reached XP level 4. HP: 35/35 MP: 1/6
  2693 | D:3      | Found a faded altar of an unknown god.
  2852 | D:3      | You fall into a shaft and drop 3 floors!
  2859 | D:6      | Found an ancient bone altar of Kikubaaqudgha.
  2965 | D:6      | Became a worshipper of Kikubaaqudgha
  2970 | D:6      | Noticed a centaur
  2983 | D:6      | Slain by a centaur

Illustrated notes

Levels and vault maps discovered:
D:1:      dpeg_arrival_morbid_curiosity, layout_basic, kennysheep_boxes
D:2:      layout_rooms
D:3:      layout_loops_ring, zin_scriptorium, basic_ecumenical_altar,
          minmay_hedge_maze, palyth_stone_intersect, uniq_crazy_yiuf_cottage
D:6:      layout_cave_pools, mainiacjoe_overflow_six_doors_small,
          gammafunk_temple_overflow_elements, st_stairs_4, glass_columns_a,
          minmay_fractal_squares_diagonal_5

Skill      XL: |  1  2  3 |
---------------+----------+-----
Dodging        | 2 |  2.4
Fighting       | 1 |  1.3
Stealth        | 2 |  2.1
Spellcasting   | |  1.9
Necromancy     | |  4.7

Action                   |  1- 3 |  4- 6 || total
-------------------------+-------+-------++-------
Melee: Hand axe          |    47 |    30 ||    77
 Cast: Necrotise         |    53 |    26 ||    79
       Vampiric Draining |     2 |     1 ||     3
  Use: Potion            |     1 |       ||     1
Armor: Robe              |    10 |     7 ||    17
Dodge: Dodged            |    53 |    25 ||    78
Block: Kite shield       |       |    16 ||    16

Table legend: (Time is in decaauts)
 A = Elapsed time spent in this place.
 B = Non-inter-level travel time spent in this place.
 C = Inter-level travel time spent in this place.
 D = Time resting spent in this place.
 E = Time spent auto-exploring this place.
 F = Levels seen in this place.
 G = Mean time per level.
                   A        B        C        D        E       F      G
               +--------+--------+--------+--------+--------+-----+--------+
         Total |   3015 |   2859 |    156 |    826 |   1564 |   4 |  753.8 |
       Dungeon |   3015 |   2859 |    156 |    826 |   1564 |   4 |  753.8 |
               +--------+--------+--------+--------+--------+-----+--------+

Top non-repeatable levels by time:
     D:1: 1836 daAuts
     D:2: 760 daAuts
     D:3: 285 daAuts
     D:6: 132 daAuts
